[Event "Manhem Chessweek GM"]
[Site "www.ssmanhem.se"]
[Date "2010.08.14"]
[Round "5"]
[White "Ivanov, Mikhail"]
[Black "Spirin, Oleg"]
[Result "1/2-1/2"]
[ECO "A84"]
[WhiteElo "2486"]
[BlackElo "2468"]
[PlyCount "22"]
[EventDate "2010.08.10"]
[EventRounds "9"]
[EventCategory "9"]
[TimeControl "7200+60"]
[WhiteClock "1:50:51"]
[BlackClock "2:00:00"]

1. d4 d5 2. c4 e6 3. Nc3 c6 4. e3 f5 5. f4 Nf6 6. Nf3 Bd6 7. Be2 O-O 8. O-O b6
9. Bd2 Bb7 10. cxd5 exd5 11. Be1 Nbd7 1/2-1/2

[Event "Manhem Chessweek GM"]
[Site "www.ssmanhem.se"]
[Date "2010.08.14"]
[Round "5"]
[White "Carlhammar, Magnus"]
[Black "Hillarp Persson, Tiger"]
[Result "0-1"]
[ECO "A07"]
[WhiteElo "2311"]
[BlackElo "2538"]
[PlyCount "68"]
[EventDate "2010.08.10"]
[EventRounds "9"]
[EventCategory "9"]
[TimeControl "7200+1430"]
[WhiteClock "0:04:38"]
[BlackClock "2:00:00"]

1. Nf3 Nf6 2. g3 e6 3. Bg2 d5 4. O-O b5 5. a4 b4 6. d3 c5 7. Nbd2 Nc6 8. e4 Be7
9. Re1 Bb7 10. exd5 Nxd5 11. Nc4 O-O 12. Be3 Rc8 13. Nfd2 Ba6 14. Qh5 g6 15.
Qe2 Nxe3 16. fxe3 f5 17. Nb3 Bxc4 18. dxc4 Ne5 19. Nd2 Bf6 20. Rad1 Qc7 21. b3
h5 22. Nf1 Nf7 23. Rb1 Kg7 24. Red1 h4 25. Qf3 Ng5 26. Qe2 hxg3 27. hxg3 Be5
28. g4 f4 29. exf4 Bxf4 30. Qd3 Rcd8 31. Qe2 Be5 32. Rxd8 Rxd8 33. Be4 Bd4+ 34.
Kg2 Rf8 0-1

[Event "Manhem Chessweek GM"]
[Site "www.ssmanhem.se"]
[Date "2010.08.14"]
[Round "5"]
[White "Rasmussen, Allan Stig"]
[Black "Nithander, Victor"]
[Result "1/2-1/2"]
[ECO "D78"]
[WhiteElo "2510"]
[BlackElo "2409"]
[PlyCount "35"]
[EventDate "2010.08.10"]
[EventRounds "9"]
[EventCategory "9"]
[TimeControl "7200+2910"]
[WhiteClock "2:00:00"]
[BlackClock "0:58:11"]

1. d4 Nf6 2. c4 g6 3. Nf3 Bg7 4. g3 c6 5. Bg2 d5 6. b3 O-O 7. O-O Ne4 8. Bb2 a5
9. Nc3 Bf5 10. Re1 Nd7 11. Nxe4 Bxe4 12. Bf1 Bxf3 13. exf3 e6 14. Qc2 Re8 15.
f4 a4 16. c5 b5 17. b4 f5 18. Re3 1/2-1/2

[Event "Manhem Chessweek GM"]
[Site "www.ssmanhem.se"]
[Date "2010.08.14"]
[Round "5"]
[White "Jakobsen Kovachev, Daniel"]
[Black "Berg, Emanuel"]
[Result "0-1"]
[ECO "B22"]
[WhiteElo "2312"]
[BlackElo "2612"]
[PlyCount "92"]
[EventDate "2010.08.10"]
[EventRounds "9"]
[EventCategory "9"]
[TimeControl "7200+1605"]
[WhiteClock "0:54:22"]
[BlackClock "2:00:00"]

1. e4 c5 2. c3 Nf6 3. e5 Nd5 4. Nf3 e6 5. d4 cxd4 6. cxd4 Nc6 7. a3 d6 8. Bc4
Qc7 9. Qe2 Nb6 10. Bb5 a6 11. Bxc6+ Qxc6 12. O-O Bd7 13. Nc3 Qc4 14. Re1 Qxe2
15. Rxe2 Bc6 16. Ne4 Rc8 17. Bf4 Bxe4 18. Rxe4 Kd7 19. Ng5 Be7 20. Rae1 Rc2 21.
R4e2 Rxe2 22. Rxe2 Nd5 23. Bd2 Bxg5 24. Bxg5 Rc8 25. Kf1 Rc4 26. Be3 dxe5 27.
dxe5 Kc6 28. Ke1 Kb5 29. Kd1 Re4 30. Bc1 Rxe2 31. Kxe2 Kc4 32. f4 b5 33. g3 Kb3
34. Kd3 Nb6 35. g4 Na4 36. f5 Nxb2+ 37. Kd4 Na4 38. f6 g6 39. Ke3 Nc3 40. Bd2
Nd5+ 41. Kd4 Kxa3 42. Kc5 b4 43. Kd6 b3 44. Bc1+ b2 45. Bxb2+ Kxb2 46. Kd7 Kc3
0-1

[Event "Manhem Chessweek GM"]
[Site "www.ssmanhem.se"]
[Date "2010.08.14"]
[Round "5"]
[White "Smith, Axel"]
[Black "Tikkanen, Hans"]
[Result "1/2-1/2"]
[ECO "B48"]
[WhiteElo "2416"]
[BlackElo "2469"]
[PlyCount "34"]
[EventDate "2010.08.10"]
[EventRounds "9"]
[EventCategory "9"]
[TimeControl "7200+2975"]
[WhiteClock "1:06:45"]
[BlackClock "2:00:00"]

1. e4 c5 2. Nf3 e6 3. d4 cxd4 4. Nxd4 Nc6 5. Nc3 Qc7 6. Be3 a6 7. Qd2 Nf6 8.
O-O-O Bb4 9. f3 O-O 10. a3 Be7 11. g4 b5 12. g5 Ne8 13. h4 Ne5 14. Nf5 Bd8 15.
Nd4 Be7 16. Nf5 Bd8 17. Nd4 Be7 1/2-1/2